Map: Dusk Towers

Players

BowmanSX (bowman) - Winner!

  • Race: Protoss Protoss
  • League: Grandmaster

coLqxc (qxc)

  • Race: Zerg Zerg
  • League: Master

VOD

https://youtu.be/yHDncP1UCcU

Description

Time

  • Played on: Jan. 4, 2016, 6:10 p.m.
  • Length: 6:57
Show
View Real Time Build Order
Export as new Build Order

BowmanSX Protoss - Winner!

Build Orders: Double Forge, Blink Stalkers, Zealot Archon, Dark Templar Rush 

Get SALT Encoding   

  12  0:01  Probe (Chrono Boost)  
  13  0:11  Probe (Chrono Boost)  
  14  0:19  Pylon  
  14  0:22  Probe (Chrono Boost)  
  15  0:37  Probe (Chrono Boost)  
  16  0:48  Probe (Chrono Boost)  
  16  0:49  Assimilator  
  17  0:58  Probe (Chrono Boost)  
  18  1:06  Nexus  
  18  1:09  Probe (Chrono Boost)  
  19  1:19  Probe (Chrono Boost)  
  19  1:21  Gateway  
  20  1:26  Assimilator  
  20  1:30  Probe (Chrono Boost)  
  21  1:36  Pylon  
  21  1:40  Probe (Chrono Boost)  
  22  1:51  Probe (Chrono Boost)  
  23  1:55  Gateway  
  23  2:01  Probe (Chrono Boost)  
  24  2:08  Cybernetics Core  
  24  2:12  Probe (Chrono Boost)  
  25  2:18  Probe (Chrono Boost)  
  27  2:22  Probe (Chrono Boost)  
  27  2:29  Probe (Chrono Boost)  
  30  2:36  Probe (Chrono Boost)  
  31  2:39  Probe (Chrono Boost)  
  30  2:45  Adept x2 (Chrono Boost), Warp Gate (Chrono Boost)  
  30  2:46  Probe  
  30  2:50  Probe  
  36  2:55  Twilight Council  
  36  2:59  Probe (Chrono Boost)  
  36  3:03  Mothership Core (Chrono Boost)  
  39  3:09  Sentry, Adept  
  39  3:11  Pylon  
  39  3:12  Probe (Chrono Boost)  
  44  3:22  Probe x2 (Chrono Boost)  
  46  3:32  Probe (Chrono Boost)  
  46  3:33  Probe (Chrono Boost), Dark Shrine  
  48  3:43  Probe x2 (Chrono Boost)  
  48  3:48  Nexus  
  50  3:50  Pylon  
  50  3:53  Probe (Chrono Boost)  
  51  3:57  Blink  
  51  3:58  Assimilator  
  51  3:59  Assimilator  
  49  4:17  Probe x2 (Chrono Boost)  
  49  4:22  Pylon  
  49  4:24  Gateway  
  49  4:26  Gateway  
  49  4:29  Probe x2 (Chrono Boost)  
  51  4:40  Probe (Chrono Boost)  
  51  4:41  Forge x2  
  51  4:44  Probe (Chrono Boost)  
  53  4:47  Robotics Facility  
  53  4:50  Probe (Chrono Boost)  
  53  4:51  Dark Templar  
  56  4:53  Dark Templar  
  56  4:54  Probe (Chrono Boost)  
  59  5:02  Protoss Ground Weapons Level 1  
  59  5:03  Probe (Chrono Boost)  
  59  5:04  Probe (Chrono Boost)  
  59  5:05  Probe (Chrono Boost)  
  59  5:13  Gateway  
  61  5:14  Probe x2 (Chrono Boost)  
  61  5:15  Probe (Chrono Boost)  
  62  5:24  Probe (Chrono Boost)  
  62  5:25  Probe (Chrono Boost)  
  64  5:29  Dark Templar  
  64  5:30  Dark Templar  
  64  5:33  Probe (Chrono Boost)  
  69  5:35  Warp Prism (Chrono Boost)  
  69  5:39  Probe  
  70  5:49  Probe x2  
  70  5:50  Stalker x2  
  70  5:53  Archon  
  75  5:57  Probe  
  75  5:59  Pylon  
  75  6:01  Probe x2, Pylon  
  75  6:03  Stalker x2  
  81  6:10  Gateway  
  81  6:12  Observer (Chrono Boost)  
  81  6:14  Gateway  
  81  6:15  Dark Templar  
  84  6:20  Pylon x2  
  84  6:21  Stalker, Dark Templar  
  88  6:25  Archon  
  88  6:31  Probe x2  
  90  6:32  Assimilator  
  90  6:34  Assimilator  
  90  6:39  Stalker x2  
  98  6:50  Stalker x2  
Show
View Real Time Build Order
Export as new Build Order

coLqxc Zerg 

Build Orders: 3 Hatch before Pool 

Get SALT Encoding   

  12  0:00  Drone  
  13  0:12  Overlord  
  13  0:17  Drone  
  14  0:31  Drone x2  
  14  0:34  Drone  
  17  0:53  Hatchery  
  16  0:57  Drone  
  16  1:00  Drone  
  18  1:07  Drone  
  19  1:27  Hatchery  
  19  1:31  Drone x2  
  20  1:44  Spawning Pool  
  20  1:46  Drone  
  20  1:53  Drone  
  21  2:04  Drone  
  21  2:05  Drone  
  23  2:13  Drone  
  24  2:16  Drone  
  24  2:21  Extractor  
  24  2:22  Drone  
  25  2:30  Overlord  
  25  2:33  Queen  
  25  2:35  Zergling x2  
  28  2:39  Queen  
  28  2:41  Drone x2  
  28  2:44  Drone  
  33  2:47  Queen  
  33  2:50  Drone  
  36  3:00  Drone x2  
  36  3:01  Drone x2  
  40  3:11  Zergling x2  
  40  3:12  Overlord, Zergling x2  
  42  3:20  Overlord  
  42  3:27  Metabolic Boost  
  42  3:32  Zergling x4  
  42  3:33  Zergling x4  
  46  3:34  Zergling x2  
  46  3:39  Zergling x2  
  47  3:41  Zergling x2  
  47  3:42  Zergling x6  
  50  3:59  Lair  
  47  4:15  Drone x10  
  56  4:18  Drone  
  56  4:26  Extractor  
  56  4:28  Extractor  
  56  4:31  Extractor  
  53  4:32  Drone x3  
  53  4:33  Drone x2  
  53  4:35  Hatchery, Overlord  
  53  4:36  Overlord  
  57  4:42  Drone  
  57  5:04  Drone  
  57  5:05  Drone x15  
  70  5:10  Extractor x2  
  70  5:13  Spire  
  65  5:15  Overseer  
  65  5:19  Overlord  
  65  5:21  Evolution Chamber  
  64  5:22  Evolution Chamber, Spore Crawler x2  
  64  5:24  Spore Crawler  
  64  5:25  Overseer  
  64  5:26  Zergling x4  
  64  5:28  Zergling x2  
  63  5:31  Zergling x4  
  63  5:56  Hatchery  
  62  6:01  Drone x4  
  62  6:02  Drone x4  
  70  6:05  Drone x2  
  72  6:13  Overlord  
  72  6:19  Drone  
  73  6:29  Overlord x3  
  73  6:32  Extractor  
  72  6:35  Extractor  
  72  6:39  Zergling x4  
  81  6:40  Zergling x2  
Tags
 
Add a new tag
Caveats
  • Supply blocks, unpowered buildings, or Contaminate may cause inaccurate times.
  • Supply counts are checked every 10 seconds.